[Event "FIDE WTC Prel-A 2022"]
[Site "Jerusalem"]
[Date "2022.11.20"]
[Round "1.10"]
[White "Wen, Yang"]
[Black "Cawdery, Daniel"]
[Result "1-0"]
[ECO "B31"]
[WhiteElo "2585"]
[BlackElo "2396"]
[Annotator "TA"]
[PlyCount "74"]
[EventDate "2022.11.20"]
[EventType "team-tourn"]
[EventCountry "ISR"]
[SourceTitle "playchess.com"]
[Source "ChessBase"]
[SourceQuality "1"]
[WhiteTeam "China"]
[BlackTeam "South Africa"]
[WhiteTeamCountry "CHN"]
[BlackTeamCountry "RSA"]
[TimeControl "2700+10"]

1. e4 c5 2. Nf3 Nc6 3. Bb5 g6 4. O-O Bg7 5. Re1 e5 6. Bxc6 dxc6 7. a3 Ne7 {[%emt 0:01:00] B31: Sicilian: 2...Nc6 3 Bb5 g6.} 8. b4 cxb4 9. axb4 Bg4 {[%emt 0:02:10] White has an edge.} 10. d3 O-O 11. h3 Bxf3 12. Qxf3 {[%emt 0:00:08] [#]} Qd4 $146 ({Predecessor:} 12... Nd5 13. c3 Nc7 14. Nd2 Ne6 15. Nc4 b5 16. Na5 Qd7 17. Nb3 Rfc8 18. Ba3 Rd8 {0-1 (46) Pyrich,G (2256)-Pohjosmaki,R (2252) ICCF email 2010}) 13. c3 Qd7 14. Na3 Rad8 15. Rd1 Qe6 16. Be3 Nc8 17. Qe2 Rd7 18. Qa2 (18. c4 $14) 18... Qxa2 $11 19. Rxa2 Rfd8 20. Rad2 h6 21. Nc4 b6 22. Kf1 f5 {[%emt 0:00:40] [#] Hoping for ...f4.} 23. f3 Kf7 24. g4 Ke6 25. Ke2 Ne7 26. h4 f4 27. Bf2 Nc8 28. Ra1 Bf6 29. g5 ({Better is} 29. Ra6 $16) 29... Be7 (29... hxg5 $14 30. hxg5 Bg7) 30. gxh6 $16 {[%emt 0:19:02] Black must now prevent Rg1. White is more active.} Rh8 31. d4 exd4 32. cxd4 {[%emt 0:00:03] [#] Threatens to win with Ne5.} Bf6 {[%emt 0:02:23] Prevents Ne5. This costs Black the game.} (32... Bxb4 $16 33. Rc2 Bd6) 33. Rg1 {[%emt 0:04:54] Strongly threatening e5.} ({Don't do} 33. e5 $6 Be7 $16) 33... Rxh6 34. Rg4 Ne7 (34... Rdh7 {was worth a try.} 35. Rxf4 g5 36. Rxf6+ Rxf6) 35. Nb2 $18 ({Don't play} 35. Rxf4 Rh5 36. e5 Bg7) 35... Rh8 (35... Rh5 $142 36. Nd3 (36. Rxf4 Rb5 $16) 36... g5) 36. Nd3 Rhd8 (36... Kf7 $142 37. Rxf4 Rdd8 38. Ne5+ Ke6 39. Nxc6 Nxc6) 37. e5 Kd5 {[%emt 0:03:46] Weighted Error Value: White=0.11 (very precise) /Black=0.29 (precise)} 1-0

[Event "FIDE WTC Prel-A 2022"]
[Site "Jerusalem"]
[Date "2022.11.20"]
[Round "1.11"]
[White "Barrish, Daniel"]
[Black "Bai, Jinshi"]
[Result "0-1"]
[ECO "D70"]
[WhiteElo "2257"]
[BlackElo "2569"]
[Annotator "TA"]
[PlyCount "76"]
[EventDate "2022.11.20"]
[EventType "team-tourn"]
[EventCountry "ISR"]
[SourceTitle "playchess.com"]
[Source "ChessBase"]
[SourceQuality "1"]
[WhiteTeam "South Africa"]
[BlackTeam "China"]
[WhiteTeamCountry "RSA"]
[BlackTeamCountry "CHN"]
[TimeControl "2700+10"]

1. d4 Nf6 2. c4 g6 3. f3 d5 4. cxd5 Nxd5 5. e4 Nb6 6. Nc3 Bg7 7. Be3 O-O 8. Qd2 e5 9. d5 c6 $1 {[%emt 0:00:02] D70: Grünfeld: Unusual White 3rd moves (met by ...d5).} 10. h4 cxd5 11. exd5 (11. Nxd5 Nc6 $15) 11... h5 {[%emt 0:00:05] White is slightly better.} 12. g4 Na6 $1 13. gxh5 Bf5 {[%emt 0:00:03] [#]} 14. a3 $146 {[%emt 0:03:20] Inhibits Nb4.} (14. Ne4 $5 ) ({Predecessor:} 14. Bg5 f6 15. Be3 Rc8 16. hxg6 Nb4 17. Rd1 Nc4 18. Bxc4 Rxc4 19. h5 Re8 20. Nge2 {1-0 (36) Tang,A (2538)-Mekhitarian,K (2554) Chess.com INT 2020}) 14... Rc8 15. hxg6 Nc5 (15... fxg6 $15 16. h5 Nc5 17. Bxc5 Rxc5) 16. gxf7+ (16. Bxc5 $5 Rxc5 17. h5 $14) 16... Rxf7 {[%emt 0:00:02] Strongly threatening ...Nb3.} 17. Rd1 (17. Bxc5 $14 Rxc5 18. Qg5 Qxg5 19. hxg5) 17... e4 {[%emt 0:02:31] ...Nba4 is the strong threat.} (17... Nb3 $5 18. Qg2 Nd4 $11) 18. Nh3 $2 {[%emt 0:09:10] [#] Black converts the advantage convincingly.} (18. Qg2 Nd3+ 19. Bxd3 exd3 $17) (18. Bxc5 $11 {and White stays safe.} Rxc5 19. Qe3 (19. Nxe4 $2 Rxd5 20. Bd3 Rfd7 $19) 19... Rxc3 20. bxc3) 18... Nd3+ $1 $19 19. Bxd3 exd3 20. Ng5 {[%emt 0:01:01] [#]} Nc4 $1 21. Nxf7 (21. Qf2 Nxb2 22. O-O Nxd1 23. Nxd1) 21... Kxf7 22. Qf2 Bxc3+ 23. bxc3 Qe7 24. d6 Qxe3+ (24... Qe6 25. O-O Nxe3) 25. Qxe3 Nxe3 {[%emt 0:00:01][%mdl 64] Discovered Attack. Chess con chili.} 26. Rb1 d2+ {[%emt 0:03:15][%mdl 64] Discovered Attack} ({And not} 26... Rxc3 27. Kd2 (27. Rxb7+ Ke6 $17) 27... Nd5 28. Rhc1 (28. Rxb7+ $2 Ke6 $19) 28... Rxa3 29. Ra1 (29. Rxb7+ $2 Ke6 $19) 29... Rxa1 30. Rxa1 $15) 27. Kf2 $2 (27. Kxd2 Nc4+ 28. Ke2 Bxb1 29. Rxb1 Nxd6 30. Kd3) 27... Bxb1 28. Kxe3 {[%emt 0:00:07][%mdl 4096] Endgame KRB-KR} Bf5 29. Kxd2 Rd8 30. h5 Rxd6+ 31. Ke3 Rd3+ {[%emt 0:04:07] Black is clearly winning.} 32. Kf4 Bd7 33. Rg1 Bc6 34. Rg3 Rxc3 35. h6 Rc5 36. Rg7+ Kf6 37. Kg4 Rc1 {[%emt 0:00:20] And now ...Rg1+ would win.} 38. Rh7 Kg6 {[%emt 0:01:14] Weighted Error Value: White=0.66/Black=0.22 (precise)} 0-1

[Event "FIDE WTC Prel-A 2022"]
[Site "Jerusalem"]
[Date "2022.11.20"]
[Round "1.12"]
[White "Li, Di"]
[Black "Mhango, Banele"]
[Result "1/2-1/2"]
[ECO "E04"]
[WhiteElo "2539"]
[BlackElo "2210"]
[Annotator "TA"]
[PlyCount "105"]
[EventDate "2022.11.20"]
[EventType "team-tourn"]
[EventCountry "ISR"]
[SourceTitle "playchess.com"]
[Source "ChessBase"]
[SourceQuality "1"]
[WhiteTeam "China"]
[BlackTeam "South Africa"]
[WhiteTeamCountry "CHN"]
[BlackTeamCountry "RSA"]
[TimeControl "2700+10"]

1. d4 d5 2. c4 e6 3. Nf3 a6 4. g3 dxc4 5. Bg2 Nc6 6. O-O Rb8 7. e4 Nf6 8. Nc3 Be7 9. d5 Nb4 10. Ne5 $1 {[%emt 0:01:00] E04: Open Catalan: 5 Nf3.} exd5 11. exd5 Nd3 12. Nxd3 {[%emt 0:05:14] White has an edge.} cxd3 13. Qxd3 O-O 14. Be3 {[%emt 0:04:52] [#]} Bd6 $146 ({Predecessor:} 14... Bg4 15. a3 Qd7 16. Rfe1 Bf5 17. Qd2 Ne8 18. Rac1 Nd6 19. Bd4 Rfe8 20. Nd1 Nb5 {½-½ (52) Campos Gomez,M (2322)-Arenas Vanegas,D (2431) Santa Marta 2022}) 15. h3 Re8 16. Rac1 Bd7 17. Rfd1 Qc8 18. Bd4 (18. Ba7 $5 ) 18... Bf5 19. Qf3 Ne4 20. Re1 Nxc3 21. Rxe8+ Qxe8 22. Qxc3 f6 23. Re1 Qa4 24. Bc5 Be5 ({Much less strong is} 24... Qxa2 25. Bxd6 cxd6 26. Qc7 $16) 25. Rxe5 (25. Qd2 $11) 25... fxe5 $15 26. Qxe5 Qd7 27. Kh2 Re8 28. Qf4 Qf7 29. Qb4 {[%emt 0:01:30] Inhibits Be4.} b6 30. Be3 $1 a5 31. Qc4 h6 32. Bf4 Re7 33. Qd4 Qf6 34. Qc4 Qf7 35. Qd4 Qf6 36. Qc4 {[%emt 0:00:01] [#] Black must now prevent d6+.} Qf7 37. b3 Kh7 $36 {[%emt 0:00:48][%mdl 2048] Black has some pressure.} 38. g4 Bg6 39. Bg3 Qf6 {[%emt 0:00:43] Against Bh4} 40. h4 h5 41. g5 (41. gxh5 $15 Bxh5 42. b4) 41... Qb2 $17 42. Bxc7 $2 (42. Qa4 $17) 42... Qxf2 $19 {[%emt 0:00:24] [#] Threatens to win with ...Be4.} 43. Bg3 Qd2 {[%emt 0:00:07] ...Re2 is the strong threat.} 44. Qf4 Re2 45. Qxd2 Rxd2 {[%emt 0:00:01][%mdl 4096] Endgame KRB-KB} 46. Kg1 Rd1+ (46... Rxa2 $19 {Hoping for ...Ra3.} 47. d6 Bf5) 47. Kh2 (47. Kf2 $17) 47... Rd2 {[%emt 0:00:02] And now ...Be4 would win.} 48. Kg1 $1 Rxa2 {[%emt 0:00:25] aiming for ...Rb2.} 49. Bc7 (49. d6 {might work better.} Bf5 50. Bc6) 49... Rxg2+ $2 50. Kxg2 $11 {[%emt 0:00:01] The position is equal.} Be4+ 51. Kg3 Bxd5 52. Bxb6 Bxb3 53. Bxa5 {[%emt 0:00:01] Weighted Error Value: White=0.31/Black=0.36} 1/2-1/2